 Dungeon Crawl Stone Soup version 0.26-a0-712-ga5a9c9c9d0 (webtiles) character file.

Game seed: 2207268194583600111

4876 kae the Spear-Bearer (level 10, -4/85 HPs)
             Began as a Merfolk Gladiator on Nov 13, 2020.
             Was a Follower of Ashenzari.
             Slain by a two-headed ogre
             ... wielding a +0 great mace
              (27 damage)
             ... on level 8 of the Dungeon.
             The game lasted 00:07:30 (10276 turns).

kae the Spear-Bearer (Merfolk Gladiator)           Turns: 10276, Time: 00:07:30

Health: -4/85      AC:  6    Str: 18    XL:     10   Next: 50%
Magic:  10/10      EV: 16    Int:  8    God:    Ashenzari [*.....]
Gold:   693        SH:  0    Dex: 11    Spells: 9/9 levels left

rFire    . . .     SeeInvis +   g - +3 spear of a Labyrinth {vorpal, rN+ Dex-4 SInv} (curse)
rCold    . . .     Faith    .   (no shield)
rNeg     + . .     Spirit   .   b - +0 leather armour
rPois    .         Reflect  .   c - +0 helmet (curse)
rElec    .         Harm     .   (no cloak)
rCorr    .         Rampage  .   s - +1 pair of gloves (curse)
MR       .....                  (no boots)
Stlth    +.........             (no amulet)
HPRegen  0.24/turn              (no ring)
MPRegen  0.12/turn              (no ring)

@: lightly drained
A: change form in water, swift swim, stealthy swim
a: Curse Item, Scrying, Renounce Religion


You were on level 8 of the Dungeon.
You worshipped Ashenzari.
Ashenzari was aware of your devotion.
You visited 2 branches of the dungeon, and saw 9 of its levels.
You also visited: Ossuary.

You collected 693 gold pieces.

Inventory:

Hand Weapons
 a - a +1 trident
 g - the cursed +3 spear of a Labyrinth (weapon) {vorpal, rN+ Dex-4 SInv}
   (You found it on level 4 of the Dungeon)

   It inflicts extra damage upon your enemies.
   It affects your dexterity (-4).
   It protects you from negative energy.
   It lets you see invisible.
   It has a curse placed upon it.
Missiles
 d - 3 throwing nets (quivered)
Armour
 b - a +0 leather armour (worn)
 c - a cursed +0 helmet (worn)
 s - a cursed +1 pair of gloves (worn)
Wands
 k - a wand of iceblast (8)
 r - a wand of acid (5)
 u - a wand of flame (9)
 x - a wand of polymorph (7)
 C - a wand of digging (4)
Scrolls
 e - 2 scrolls of amnesia
 f - 3 scrolls of teleportation
 q - 3 scrolls of remove curse
 t - 4 scrolls of immolation
 y - 3 scrolls of blinking
 B - 2 scrolls of magic mapping
Potions
 h - 6 potions of haste
 i - 3 potions of lignification
 j - a potion of curing
 l - a potion of brilliance
 m - a potion of magic {unknown}
 n - 2 potions of ambrosia
 o - a potion of stabbing {unknown}
 p - a potion of resistance
 v - 3 potions of might {unknown}
 w - a potion of flight {unknown}
 z - 11 potions of degeneration {unknown}
 A - 2 potions of mutation {unknown}


   Skills:
 - Level 10.0(9.8) Fighting
 - Level 14.0(13.8) Polearms
 - Level 2.0(1.9) Throwing
 + Level 2.9(2.8) Armour
 - Level 9.0(8.8) Dodging


You had 9 spell levels left.
You didn't know any spells.
Your spell library was empty.

Dungeon Overview and Level Annotations

Branches:
Dungeon (8/15)             Temple (1/1) D:4         Ossuary (visited)
   Lair: D:8-11

Altars:
Ashenzari
Cheibriados
Dithmenos
Elyvilon
Fedhas
Gozag
Hepliaklqana
Kikubaaqudgha
Makhleb
Nemelex Xobeh
Okawaru
Qazlal
Ru
Sif Muna
Trog
Uskayaw
Vehumet
Wu Jian
Xom
Yredelemnul
Zin
The Shining One

Shops:
D:7 ?


Message History

The two-headed ogre hits you with a +0 giant spiked club!!
* * * LOW HITPOINT WARNING * * *
You barely miss the two-headed ogre.
The two-headed ogre is severely wounded.
You hit the two-headed ogre but do no damage.
The two-headed ogre is severely wounded.
The howler monkey barely misses you.
You barely miss the two-headed ogre.
The two-headed ogre is severely wounded.
The two-headed ogre completely misses you.
The two-headed ogre barely misses you.
You hit the two-headed ogre but do no damage.
The two-headed ogre is severely wounded.
The howler monkey hoots and howls with incredible vigour!
You hit the two-headed ogre.
The two-headed ogre is severely wounded.
You hit the two-headed ogre but do no damage.
The two-headed ogre is severely wounded.
The two-headed ogre hits you with a +0 great mace!!
You die...

### ...#### ######
......########### .....#
.........)......##..>...
.........)...)..........
........######..........
.........# ##†@Oh.....
.........### #†.h.h.....
...........##...........
.)......................
.........#......#.......
.........###.#####......
.........# ### #.....
............ #....
.............


You could see a two-headed ogre and 3 howler monkeys.

Vanquished Creatures
  A two-headed ogre (D:8)
  Pikel (D:7)
  3 orc warriors
  2 ice beasts
  A phantom (D:4)
  6 ogres
  A centaur (D:6)
  A lemure (D:7)
  3 big kobolds
  4 bullfrogs
  3 scorpions
  7 wights
  3 howler monkeys (D:7)
  A centaur zombie (Ossuary)
  9 hounds
  2 jellies (D:5)
  7 orc priests
  8 orc wizards
  2 centaur skeletons (D:7)
  2 human zombies (Ossuary)
  6 iguanas
  Natasha (thrice) (D:4)
  5 worker ants
  6 mummies (Ossuary)
  9 adders
  A shadow imp (D:7)
  5 white imps
  2 ufetubi (D:7)
  2 oozes (D:1)
  A worm zombie (D:6)
  An adder skeleton (D:4)
  4 worms
  2 dart slugs
  9 leopard geckos
  26 orcs
  A ball python (D:1)
  4 bats
  9 giant cockroaches
  3 gnoll zombies (Ossuary)
  8 goblins
  7 hobgoblins
  30 jackals
  3 quokkas
  A ball python zombie (D:5)
  4 frilled lizards
  A goblin zombie (Ossuary)
  A hobgoblin zombie (Ossuary)
  19 kobolds
  A leopard gecko zombie (D:5)
  2 quokka skeletons (D:4)
  7 rats
250 creatures vanquished.

Notes
Turn   | Place    | Note
-------+----------+-------------------------------------------
     0 | D:1      | kae the Merfolk Gladiator began the quest for the Orb.
     0 | D:1      | Reached XP level 1. HP: 16/16 MP: 1/1
   372 | D:1      | Reached XP level 2. HP: 23/23 MP: 2/2
   430 | D:1      | Reached skill level 5 in Polearms
   733 | D:1      | Reached XP level 3. HP: 27/28 MP: 3/3
   958 | D:1      | Reached skill level 6 in Polearms
  1608 | D:2      | Reached XP level 4. HP: 35/35 MP: 4/4
  1938 | D:2      | Noticed an ogre
  1949 | D:2      | Killed an ogre
  1949 | D:2      | Reached skill level 7 in Polearms
  1949 | D:2      | Reached XP level 5. HP: 42/42 MP: 5/5
  2621 | D:3      | Reached skill level 8 in Polearms
  3168 | D:4      | Reached XP level 6. HP: 43/48 MP: 6/6
  3206 | D:4      | Found a staircase to the Ecumenical Temple.
  3251 | Temple   | Entered the Ecumenical Temple
  3363 | Temple   | Became a worshipper of Ashenzari the Shackled
  3734 | D:4      | Noticed a phantom
  3768 | D:4      | Killed a phantom
  3768 | D:4      | Reached skill level 9 in Polearms
  3866 | D:4      | Reached XP level 7. HP: 48/55 MP: 7/7
  3873 | D:4      | Got the spear of a Labyrinth {vorpal, rN+ Dex-4 SInv}
  3873 | D:4      | Identified the +3 spear of a Labyrinth {vorpal, rN+ Dex-4
                  | SInv} (You found it on level 4 of the Dungeon)
  4069 | D:4      | Reached skill level 5 in Fighting
  4182 | D:4      | Reached skill level 10 in Polearms
  4226 | D:4      | Noticed Natasha
  4230 | D:4      | Killed Natasha
  4261 | D:4      | Noticed Natasha
  4264 | D:4      | Killed Natasha
  4668 | D:4      | Noticed Natasha
  4677 | D:4      | Killed Natasha
  4947 | D:4      | Found a staircase to the Ecumenical Temple.
  5109 | D:5      | Entered Level 5 of the Dungeon
  5119 | D:5      | Reached XP level 8. HP: 64/64 MP: 8/8
  5139 | D:5      | Reached skill level 11 in Polearms
  6046 | D:5      | Reached skill level 12 in Polearms
  6390 | D:6      | Found a sand-covered staircase.
  6398 | Ossuary  | Entered an ossuary
  6573 | Ossuary  | Reached * piety under Ashenzari
  6908 | D:6      | Reached skill level 13 in Polearms
  7125 | D:6      | Reached XP level 9. HP: 47/72 MP: 9/9
  7317 | D:6      | Found an ancient bone altar of Kikubaaqudgha.
  7750 | D:7      | Found Aclusm's Magic Scroll Boutique.
  8068 | D:7      | Reached skill level 14 in Polearms
  9050 | D:7      | Reached skill level 10 in Fighting
  9147 | D:7      | Noticed Pikel
  9171 | D:7      | Killed Pikel
  9171 | D:7      | Reached XP level 10. HP: 67/85 MP: 10/10
  9824 | D:8      | Noticed a two-headed ogre
  9837 | D:8      | Killed a two-headed ogre
 10255 | D:8      | Noticed a two-headed ogre
 10276 | D:8      | Slain by a two-headed ogre

Illustrated notes

Levels and vault maps discovered:
D:1:      mainiacjoe_arrival_reflecting_pool, layout_basic,
          chequers_serial_rivers_room_b
D:2:      layout_basic
D:3:      layout_loops_cross
D:4:      minmay_polygon_palace, layout_basic, temple_doors_ab, uniq_natasha
D:5:      layout_loops_ring
D:6:      layout_rooms, old_standard_altar, enter_ossuary_3
D:7:      layout_loops_ring, serial_shops, shop, hangedman_minor_gate_pass,
          uniq_pikel
D:8:      layout_layer_cave
Temple:   kilobyte_greek_temple

Skill      XL: |  1  2  3  4  5  6  7  8  9 10 |
---------------+-------------------------------+-----
Polearms       | 5 6 7 8 9 10 13 14 | 14.0
Fighting       | 3 4 5 7 10 | 10.0
Dodging        | 7 9 |  9.0
Armour         | 2 |  2.9
Throwing       | |  2.0

Action                   |  1- 3 |  4- 6 |  7- 9 | 10-12 || total
-------------------------+-------+-------+-------+-------++-------
Melee: Trident           |   140 |   182 |     1 |       ||   323
       Spear             |       |       |   604 |   177 ||   781
Invok: Curse Item        |       |       |     3 |       ||     3
Evoke: Wand              |       |       |     3 |       ||     3
  Use: Scroll            |     2 |       |    14 |       ||    16
       Potion            |       |     2 |     1 |     1 ||     4
 Stab: Sleeping          |     3 |     2 |     1 |       ||     6
       Distracted        |     2 |       |       |       ||     2
Armor: Leather armour    |    25 |    27 |    40 |     9 ||   101
Dodge: Dodged            |    68 |    98 |   135 |    71 ||   372

Table legend: (Time is in decaauts)
 A = Elapsed time spent in this place.
 B = Non-inter-level travel time spent in this place.
 C = Inter-level travel time spent in this place.
 D = Time resting spent in this place.
 E = Time spent auto-exploring this place.
 F = Levels seen in this place.
 G = Mean time per level.
                   A        B        C        D        E       F      G
               +--------+--------+--------+--------+--------+-----+--------+
         Total |   9857 |   9634 |    223 |   1291 |   6912 |  10 |  985.7 |
       Dungeon |   9299 |   9122 |    177 |   1232 |   6556 |   8 | 1162.4 |
        Temple |    152 |    107 |     45 |      0 |    106 |   1 |  152.0 |
       Ossuary |    405 |    405 |      0 |     59 |    250 |   1 |  405.0 |
               +--------+--------+--------+--------+--------+-----+--------+

Top non-repeatable levels by time:
     D:7: 1644 daAuts
     D:4: 1534 daAuts
     D:1: 1408 daAuts
     D:5: 1330 daAuts
     D:3: 1028 daAuts
     D:2: 919 daAuts
     D:6: 755 daAuts
     D:8: 678 daAuts
 Ossuary: 405 daAuts
  Temple: 152 daAuts
